 Dungeon Crawl Stone Soup version 0.31-a0-152-g6aa68a64a1 (webtiles) character file.

Game seed: 16066523247065339911

826 qw the Skirmisher (level 7, -1/44 HPs)
             Began as a Gargoyle Hunter on June 11, 2023.
             Was an Initiate of Okawaru.
             Slain by a wight
             ... wielding a +4 flail
              (9 damage)
             ... on level 5 of the Dungeon.
             The game lasted 00:01:59 (4623 turns).

qw the Skirmisher (Gargoyle Hunter)                 Turns: 4623, Time: 00:02:00

Health: -1/44      AC: 11    Str: 15    XL:     7   Next: 96%
Magic:  7/7        EV: 11    Int:  9    God:    Okawaru [......]
Gold:   138        SH:  0    Dex: 15    Spells: 6/6 levels left

rFire   . . .        Y - +0 shortbow
rCold   . . .        (shield currently unavailable)
rNeg    + . .        d - +0 ring mail
rPois   inf          (no helmet)
rElec   +            g - +0 cloak
rCorr   .            (no gloves)
SInv    .            (no boots)
Will    +....        (no amulet)
Stlth   +            b - ring of willpower
HPRegen 0.27/turn    (no ring)
MPRegen 0.10/turn

%: no passive effects
@: no status effects
A: sickness immunity, AC +4, negative energy resistance 1, electricity
resistance, torment resistance 1, petrification resistance
a: Renounce Religion


You were on level 5 of the Dungeon.
You worshipped Okawaru.
Okawaru was noncommittal.
You visited 2 branches of the dungeon, and saw 8 of its levels.

You collected 138 gold pieces.


Innate Abilities, Weirdness & Mutations

You are immune to sickness and miasma.
Your stone body is resilient. (AC +4)
You are immune to poison.
You resist negative energy. (rN+)
You are resistant to electric shocks. (rElec)
You are resistant to unholy torment.
You are immune to petrification.


   Skills:
 - Level 5.4 Fighting
 - Level 8.0 Ranged Weapons
 - Level 2.1 Armour
 + Level 1.9 Dodging
 - Level 1.1 Stealth


You had 6 spell levels left.
You didn't know any spells.
Your spell library was empty.

Inventory:

Hand Weapons
 Y - a +0 shortbow (weapon)
Armour
 d - a +0 ring mail (worn)
 g - a +0 cloak (worn)
Jewellery
 b - a ring of willpower (left hand)
Scrolls
 c - a scroll of brand weapon {unknown}
 e - 3 scrolls of identify
Potions
 a - a potion of mutation
 h - a potion of lignification
 i - 5 potions of curing
 l - a potion of magic

Dungeon Overview and Level Annotations

Branches:
Dungeon (7/15)             Temple (1/1) D:4

Altars:
Ashenzari
Cheibriados
Dithmenos
Elyvilon
Fedhas
Gozag
Hepliaklqana
Nemelex Xobeh
Okawaru
Qazlal
Sif Muna
Trog
Uskayaw
Wu Jian
Yredelemnul
Zin
The Shining One

Shops:
D:2 *


Message History

Enter note:
Enter note: You shoot an arrow.
The arrow hits the wight but does no damage.
You shoot an arrow. The arrow closely misses the wight.
You shoot an arrow. The arrow hits the wight.
The wight is moderately damaged.
You shoot an arrow. The arrow hits the wight.
The wight is lightly damaged.
You shoot an arrow. The arrow hits the wight!
The wight is severely damaged.
The wight barely misses you.
You shoot an arrow. The arrow hits the wight.
The wight is severely damaged.
The wight closely misses you.
You shoot an arrow. The arrow completely misses the wight.
You shoot an arrow.
The arrow hits the wight but does no damage.
The wight is severely damaged.
The wight hits you with a +4 flail. The wight completely misses you.
The wight hits you with a +4 flail.
You shoot an arrow.
The arrow hits the wight but does no damage.
The wight is severely damaged.
The wight hits you but does no damage. The wight hits you with a +4 flail!
You shoot an arrow. The arrow hits the wight.
The wight is almost destroyed.
The wight hits you with a +2 dagger! The wight barely misses you.
You shoot an arrow.
The arrow hits the wight but does no damage.
The wight is severely damaged.
The wight hits you but does no damage. The wight hits you with a +4 flail.
You shoot an arrow.
The arrow hits the wight but does no damage.
The wight is severely damaged.
The wight closely misses you. The wight hits you with a +4 flail!
You shoot an arrow. The arrow hits the wight.
The wight is severely damaged.
The wight misses you. The wight hits you with a +4 flail!
You die...

#..###.####.......
#..#...#..'.......
#.#..#...#.##.......
#.#..###.#.##.......
#.#......#.##.......
#.#........##.......
#.#........########.
#.##.......###### #.
###.###.#@.......##...###.
........zz............'...
##.###.#...#######...###.
##.##(.# #...###. #.).#..#
#...#...
#.7.##########...#...
#...# .......'...'...
##.## ########...#... #.#
#...'...


You could see 2 wights.

Vanquished Creatures
  2 phantoms
  2 scorpions
  A hound (D:5)
  3 jellies
  2 orc priests
  A sleepcap (D:5)
  Natasha (twice) (D:2)
  3 iguanas
  2 orc wizards (D:5)
  5 adders
  A shadow imp (D:5)
  A white imp (D:5)
  An ufetubus (D:5)
  A worm (D:5)
  13 orcs
  4 ball pythons
  9 endoplasms
  9 giant cockroaches
  7 goblins
  7 hobgoblins
  9 jackals
  5 quokkas
  3 bats
  2 frilled lizards
  4 kobolds
  5 rats
104 creatures vanquished.

Notes
Turn   | Place    | Note
-------+----------+-------------------------------------------
     0 | D:1      | qw the Gargoyle Hunter began the quest for the Orb.
     0 | D:1      | Reached XP level 1. HP: 12/12 MP: 1/1
     0 | D:1      | 0 ||| qw: Version: 0.2-a-29-g99eb96e
     0 | D:1      | 0 ||| qw: Game counter: 4092
     0 | D:1      | 0 ||| qw: Always use a shield: true
     0 | D:1      | 0 ||| qw: God list: Okawaru
     0 | D:1      | 0 ||| qw: Allow faded altars: false
     0 | D:1      | 0 ||| qw: Do Orc after D:15 true
     0 | D:1      | 0 ||| qw: Do second Lair branch before Depths: true
     0 | D:1      | 0 ||| qw: Lair rune preference: random
     0 | D:1      | 0 ||| qw: Plans: Normal, Zot:1-4, Slime:5, God:TSO, Crypt,
                  | Tomb, Abyss, Pan, Hells, Win
     0 | D:1      | 0 ||| PLANNING D:1-11
   238 | D:1      | Reached XP level 2. HP: 17/17 MP: 2/2
   634 | D:1      | 634 ||| DROPPING ring of flight.
   635 | D:1      | 635 ||| READING scroll labelled MEOGUNIQYO.
   636 | D:1      | 636 ||| READING scroll labelled AGYISE ZULAI.
   637 | D:1      | 637 ||| DROPPING scroll of butterflies.
   679 | D:2      | 679 ||| STAIRDANCE
   694 | D:2      | 694 ||| STAIRDANCE
   698 | D:1      | Reached XP level 3. HP: 14/21 MP: 3/3
   751 | D:2      | Reached skill level 5 in Ranged Weapons
   751 | D:2      | Found Rirch's General Store.
   781 | D:2      | 781 ||| SHOPLISTING potion of curing (33 gold, have 19).
   781 | D:2      | 781 ||| SHOPLISTING scroll of teleportation (33 gold, have
                  | 19).
   970 | D:2      | Noticed Natasha
   978 | D:2      | HP: 5/22 [Natasha (1)]
   980 | D:2      | Killed Natasha
   981 | D:2      | Reached skill level 3 in Fighting
   981 | D:2      | Reached XP level 4. HP: 7/28 MP: 4/4
  1592 | D:2      | Noticed Natasha
  1595 | D:2      | Killed Natasha
  1658 | D:2      | 1658 ||| READING scroll labelled HUNASYEGUE.
  1659 | D:2      | 1659 ||| READING scroll labelled UGUHUO ORAT.
  1660 | D:2      | 1660 ||| READING scroll labelled NANOFF BOXA.
  1661 | D:2      | 1661 ||| DRINKING 2 ruby potions.
  1689 | D:2      | 1689 ||| DRINKING 2 fuming coppery potions.
  1690 | D:2      | 1690 ||| READING 3 scrolls of identify.
  1690 | D:2      | 1690 ||| IDENTIFYING bubbling pink potion
  1691 | D:2      | 1691 ||| READING 2 scrolls of identify.
  1691 | D:2      | 1691 ||| IDENTIFYING red potion
  1692 | D:2      | 1692 ||| DROPPING potion of brilliance.
  1731 | D:3      | 1731 ||| STAIRDANCE
  1787 | D:3      | Reached XP level 5. HP: 32/32 MP: 5/5
  2159 | D:3      | Reached skill level 6 in Ranged Weapons
  2254 | D:3      | Found a glowing golden altar of the Shining One.
  2260 | D:3      | 2260 ||| UPGRADING to +0 cloak.
  2265 | D:3      | 2265 ||| UPGRADING to ring of willpower.
  2266 | D:3      | 2266 ||| READING scroll labelled VILIOTYA YTHUM.
  2267 | D:3      | 2267 ||| READING scroll labelled DASAUR ADYDA.
  2268 | D:3      | 2268 ||| DRINKING 2 green potions.
  2269 | D:3      | 2269 ||| READING 2 scrolls of identify.
  2269 | D:3      | 2269 ||| IDENTIFYING glowing purple potion
  2270 | D:3      | 2270 ||| DROPPING potion of enlightenment.
  2444 | D:4      | Reached skill level 1 in Armour
  2511 | D:4      | HP: 7/33 [scorpion (5)]
  2512 | D:4      | 2512 ||| DRINKING potion of heal wounds.
  2518 | D:4      | HP: 5/33 [scorpion (6)]
  2519 | D:4      | HP: 2/33 [scorpion (3)]
  2521 | D:4      | Reached XP level 6. HP: 2/39 MP: 6/6
  2897 | D:4      | You fall into a shaft and drop 3 floors!
  2984 | D:7      | 2984 ||| UPGRADING to +0 ring mail.
  2994 | D:7      | 2994 ||| DROPPING +0 leather armour.
  2995 | D:7      | 2995 ||| READING scroll labelled BYMEQA ILIX.
  2996 | D:7      | 2996 ||| READING 2 scrolls of identify.
  2996 | D:7      | 2996 ||| IDENTIFYING puce potion
  3118 | D:6      | Reached skill level 7 in Ranged Weapons
  3118 | D:6      | Reached XP level 7. HP: 43/44 MP: 7/7
  3135 | D:5      | Entered Level 5 of the Dungeon
  3136 | D:5      | 3136 ||| PLANNING SEWER
  3456 | D:5      | 3456 ||| FLEEEEING.
  3457 | D:5      | 3457 ||| FLEEEEING.
  3458 | D:5      | 3458 ||| FLEEEEING.
  3459 | D:5      | 3459 ||| STAIRDANCE
  3500 | D:4      | 3500 ||| READING scroll labelled JULA HEWEOMN.
  3641 | D:5      | HP: 10/44 [iguana (3)]
  3644 | D:5      | Reached skill level 8 in Ranged Weapons
  3647 | D:5      | HP: 7/44 [orc/+0 club (2)]
  3653 | D:5      | HP: 4/44 [orc/+0 club (4)]
  3874 | D:5      | Found a white marble altar of Elyvilon.
  3913 | D:5      | 3913 ||| RIP SEWER
  4014 | D:5      | 4014 ||| PLANNING D:1-11
  4195 | D:5      | 4195 ||| FLEEEEING.
  4197 | D:5      | 4197 ||| FLEEEEING.
  4198 | D:5      | 4198 ||| FLEEEEING.
  4199 | D:5      | 4199 ||| FLEEEEING.
  4200 | D:5      | 4200 ||| FLEEEEING.
  4201 | D:5      | 4201 ||| FLEEEEING.
  4202 | D:5      | 4202 ||| FLEEEEING.
  4203 | D:5      | 4203 ||| FLEEEEING.
  4204 | D:5      | 4204 ||| FLEEEEING.
  4207 | D:5      | 4207 ||| FLEEEEING.
  4208 | D:5      | 4208 ||| FLEEEEING.
  4209 | D:5      | 4209 ||| FLEEEEING.
  4210 | D:5      | 4210 ||| FLEEEEING.
  4211 | D:5      | 4211 ||| FLEEEEING.
  4212 | D:5      | 4212 ||| FLEEEEING.
  4216 | D:5      | 4216 ||| FLEEEEING.
  4217 | D:5      | 4217 ||| STAIRDANCE
  4250 | D:4      | Found a staircase to the Ecumenical Temple.
  4251 | D:4      | 4251 ||| PLANNING TEMPLE
  4256 | Temple   | Entered the Ecumenical Temple
  4257 | Temple   | 4257 ||| PLANNING OKAWARU WORSHIP
  4275 | Temple   | Became a worshipper of Warmaster Okawaru
  4275 | Temple   | 4275 ||| PLANNING D:1-11
  4622 | D:5      | HP: 8/44 [wight/+4 flail (9)]
  4623 | D:5      | Slain by a wight

Levels and vault maps discovered:
D:1:      tarquinn_simple_flora_water_b, layout_loops_ring
D:2:      layout_basic, serial_shops, shop, uniq_natasha
D:3:      layout_rooms, mainiacjoe_overflow_alcove_4, minmay_misc_feat_alley
D:4:      layout_gridville, minmay_temple_entry_fiery, nicolae_titane
D:5:      layout_basic, elyvilon_altar_1, gup_sewer_entry_bowl
D:6:      layout_rooms
D:7:      layout_layer_cave
Temple:   minmay_freezing_vapour_temple

Skill      XL: |  1  2  3  4  5  6  7 |
---------------+----------------------+-----
Ranged Weapons | 5 6 7 8 |  8.0
Fighting       | 3 4 5 |  5.4
Armour         | 1 2 |  2.1
Dodging        | |  1.9
Stealth        | |  1.1

Action                     |  1- 3 |  4- 6 |  7- 9 || total
---------------------------+-------+-------+-------++-------
   Fire: Shortbow          |    66 |   196 |   227 ||   489
    Use: Scroll            |     2 |    10 |     1 ||    13
         Potion            |       |     4 |       ||     4
 Armour: Leather armour    |    10 |    52 |       ||    62
         Ring mail         |       |    10 |    82 ||    92
  Dodge: Dodged            |    13 |    54 |   130 ||   197

Table legend:
 A = Non-vault XP
 B = Vault XP
 C = Vault XP percentage of total XP
 D = Non-vault monster count
 E = Vault monster count
 F = Vault count percentage of total count
                 A         B        C        D         E       F
            +---------+---------+-------+---------+---------+-------
      Total |    1135 |      45 |   3.8 |     100 |       4 |   3.8
            +---------+---------+-------+---------+---------+-------
        D:1 |      36 |       0 |   0.0 |      20 |       0 |   0.0
        D:2 |      88 |      37 |  29.6 |      19 |       1 |   5.0
        D:3 |      45 |       0 |   0.0 |      15 |       0 |   0.0
        D:4 |     302 |       0 |   0.0 |      19 |       0 |   0.0
        D:5 |     514 |       8 |   1.5 |      24 |       3 |  11.1
        D:6 |     108 |       0 |   0.0 |       2 |       0 |   0.0
        D:7 |      42 |       0 |   0.0 |       1 |       0 |   0.0
            +---------+---------+-------+---------+---------+-------
